 Dungeon Crawl Stone Soup version 0.31-a0-150-g89dc3ad700 (webtiles) character file.

Game seed: 7945573384721684536

7 iguanaiguana the Sneak (level 2, 0/28 HPs)
             Began as a Naga Delver on June 9, 2023.
             Slain by a phantom (1 damage)
             ... on level 5 of the Dungeon.
             The game lasted 00:00:56 (69 turns).

iguanaiguana the Sneak (Naga Delver)                  Turns: 69, Time: 00:00:57

Health: 0/28       AC:  2    Str: 14    XL:     2   Next: 0%
Magic:  2/2        EV:  9    Int: 10    God:
Gold:   43         SH:  0    Dex: 12    Spells: 1/1 levels left

rFire   . . .        a - +0 short sword
rCold   . . .        (no shield)
rNeg    . . .        b - +0 leather armour
rPois   +            (no helmet)
rElec   .            (no cloak)
rCorr   .            (no gloves)
SInv    +            (no barding)
Will    .....        (no amulet)
Stlth   +++          (no ring)
HPRegen 0.24/turn    (no ring)
MPRegen 0.08/turn

%: no passive effects
@: brilliant, attractive, hasted, quick
A: AC +0, large, see invisible, deformed body, poison resistance, slowness 2,
spit poison 1, naga tail 1
a: Spit Poison


You were on level 5 of the Dungeon.
You visited 1 branch of the dungeon, and saw 2 of its levels.

You collected 43 gold pieces.

Inventory:

Hand Weapons
 a - a +0 short sword (weapon)
Armour
 b - a +0 leather armour (worn)
Wands
 g - a wand of digging (3) {@v3}
Scrolls
 c - a scroll of fog
 d - a scroll of magic mapping {@r5}


   Skills:
 + Level 3.5 Fighting
 - Level 2.0 Short Blades
 - Level 1.5 Dodging
 - Level 7.2 Stealth


You had one spell level left.
You didn't know any spells.
Your spell library was empty.

Dungeon Overview and Level Annotations

Branches:
Dungeon (6/15) Zot: 11913
 Temple: D:4-7

Altars:

Annotations:
D:6 Edmund


Innate Abilities, Weirdness & Mutations

Your serpentine skin is tough. (AC +0)
You have supernaturally acute eyesight. (SInv)
Armour fits poorly on your strangely shaped body.
Your system is resistant to poisons. (rPois)
You cover ground very slowly.
You can spit poison.
You have a snake-like lower body.


Message History

You feel clever all of a sudden. The phantom hits you.
It was a potion of attraction.
You feel attractive to monsters.
You feel yourself speed up. The phantom hits you.
The phantom blinks!
You blink.
The ogre is attracted toward you.
The helpless ogre fails to defend itself.
You puncture the ogre!
The ogre is heavily wounded.
You barely miss the ogre.
The ogre is heavily wounded.
You barely miss the ogre.
The ogre is heavily wounded.
The phantom hits you.
The phantom blinks!
You blink.
A sleepcap comes into view.
Found 12 gold pieces.
The ogre is attracted toward you. The sleepcap is attracted toward you.
You hit the phantom but do no damage. The ogre is attracted toward you.
The sleepcap is attracted toward you.
You hit the ogre.
The ogre is severely wounded.
The ogre hits you with a +0 giant club.
* * * LOW HITPOINT WARNING * * *
The sleepcap is attracted toward you.
You hit the ogre.
The ogre is severely wounded.
The phantom hits you.
* * * LOW HITPOINT WARNING * * *
The phantom blinks!
You blink.
The sleepcap is attracted toward you. The ogre is attracted toward you.
You hit the sleepcap.
The sleepcap is lightly damaged.
You aren't carrying any potions.
As you read the scroll of fear, it crumbles to dust.
You assume a fearsome visage.
The ogre looks frightened!
The sleepcap is unaffected.
The phantom is unaffected.
The sleepcap releases spores at you!
* * * LOW HITPOINT WARNING * * *
The phantom hits you.
You die...

.... #....# .# .#
... #....# # .##(
##.# #....###.. ...#
...##§........ . ...
#.........###
#.###$.###..§....###
.....§.#..O§§.....#
#...§.§.§....###
#.W@f§....).#
#$...........#
#............#
...........#..#
............###.#
###.........##..#
##............#
#........#.###
##.........#


You could see an ogre (fleeing), a phantom and a sleepcap.

Vanquished Creatures
  A white imp (D:6)
1 creature vanquished.

Notes
Turn   | Place    | Note
-------+----------+-------------------------------------------
     0 | D:5      | iguanaiguana the Naga Delver began the quest for the Orb.
     0 | D:5      | Reached XP level 1. HP: 21/21 MP: 1/1
     4 | D:6      | Reached XP level 2. HP: 28/28 MP: 2/2
    10 | D:6      | Noticed Edmund
    52 | D:5      | Noticed a phantom
    54 | D:5      | Noticed an ogre
    69 | D:5      | HP: 1/28 [sleepcap (8)]
    69 | D:5      | Slain by a phantom

Illustrated notes

Levels and vault maps discovered:
D:5:      layout_cave_pools, tgw_fedhas
D:6:      kennysheep_steamy, layout_cave_pools, mainiacjoe_overflow_brackets,
          minmay_strange_pillars, patterned_corridor, uniq_edmund

Action                     || total
---------------------------++-------
  Melee: Short sword       ||     8
    Use: Potion            ||     3
         Scroll            ||     1
   Stab: Sleeping          ||     2
 Armour: Leather armour    ||     1
  Dodge: Dodged            ||     3

Table legend: (Time is in decaauts)
 A = Elapsed time spent in this place.
 B = Non-inter-level travel time spent in this place.
 C = Inter-level travel time spent in this place.
 D = Time resting spent in this place.
 E = Time spent auto-exploring this place.
 F = Levels seen in this place.
 G = Mean time per level.
                   A        B        C        D        E       F      G
               +--------+--------+--------+--------+--------+-----+--------+
         Total |     86 |     86 |      0 |      0 |      0 |   2 |   43.0 |
       Dungeon |     86 |     86 |      0 |      0 |      0 |   2 |   43.0 |
               +--------+--------+--------+--------+--------+-----+--------+

Top non-repeatable levels by time:
     D:5: 47 daAuts
     D:6: 38 daAuts
